 Dungeon Crawl Stone Soup version 0.27-a0-637-g3a9f0a9c12 (webtiles) character file.

Game seed: 780355437978142703

5 Ijustatesigmund the Skirmisher (level 1, -1/18 HPs)
             Began as a Demonspawn Fighter on Mar 15, 2021.
             Slain by an ooze (3 damage)
             ... on level 1 of the Dungeon.
             The game lasted 00:00:27 (78 turns).

Ijustatesigmund the Skirmisher (Demonspawn Fighter)   Turns: 78, Time: 00:00:27

Health: -1/18      AC:  6    Str: 16    XL:     1   Next: 66%
Magic:  1/1        EV:  6    Int:  9    God:
Gold:   7          SH:  8    Dex: 12    Spells: 0/0 levels left

rFire    . . .     SeeInvis .   a - +0 war axe
rCold    . . .     Faith    .   c - +0 kite shield
rNeg     . . .     Spirit   .   b - +0 scale mail
rPois    .         Reflect  .   (no helmet)
rElec    .         Harm     .   (no cloak)
rCorr    .         Rampage  .   (no gloves)
Will     .....                  (no boots)
Stlth    ..........             (no amulet)
HPRegen  0.06/turn              (no ring)
MPRegen  0.07/turn              (no ring)

@: no status effects
A: no striking features
a: no special abilities


You were on level 1 of the Dungeon.
You visited 1 branch of the dungeon, and saw 1 of its levels.

You collected 7 gold pieces.

Inventory:

Hand Weapons
 a - a +0 war axe (weapon)
Armour
 b - a +0 scale mail (worn)
 c - a +0 kite shield (worn)


   Skills:
 + Level 3.1 Fighting
 * Level 2.0 Axes
 - Level 2.6 Armour
 + Level 0.3 Dodging
 - Level 2.6 Shields


You couldn't memorise any spells.
You didn't know any spells.
Your spell library was empty.

Dungeon Overview and Level Annotations

Branches:
Dungeon (1/15)

Altars:


Message History

You are too injured to fight recklessly!
You are too injured to fight recklessly!
You are too injured to fight recklessly!
You are too injured to fight recklessly!
You closely miss the hobgoblin. The hobgoblin hits you with a +0 club.
You block the hobgoblin's attack.
You slash the hobgoblin!
You kill the hobgoblin!
The ball python bites you.
* * * LOW HITPOINT WARNING * * *
The ball python grabs you. The ball python constricts you.
Your Axes skill increases to level 2!
You closely miss the ball python. You block the ball python's attack.
The ball python constricts you.
The ball python bites you but does no damage.
* * * LOW HITPOINT WARNING * * *
The ball python constricts you.
You feel very mighty all of a sudden.
The ball python bites you but does no damage.
The ball python constricts you.
It was a potion of cancellation.
Your magical effects are unravelling.
You feel magically purged.
You feel a little less mighty now.
The ball python bites you but does no damage.
The ball python constricts you. The ball python barely misses you.
The ball python constricts you.
You closely miss the ball python.
The ball python bites you but does no damage.
The ball python constricts you. You block the ball python's attack.
The ball python constricts you.
You slash the ball python!
You kill the ball python!
The ooze jiggles.
The ooze hits you.
* * * LOW HITPOINT WARNING * * *
You hit the ooze.
The ooze is moderately wounded.
The ooze hits you.
You die...

...... ### .#.# ..# ....
###.# ... ..#.# #..
########.#.# #g#
.......#.#.# #J#
##.###.#.#.# ##@##.#
.....#.#.#.####...#.##.
..<..#...#..............
.....#.#.#.#....#.#..##.
######.#.#.##........#
..#.#.##...#.#.##
########.#.##.......##
.........#(##.........
##'#######.##.#########


You could see an ooze and a hobgoblin.

Vanquished Creatures
  A leopard gecko (D:1)
  2 hobgoblins (D:1)
  A ball python (D:1)
4 creatures vanquished.

Notes
Turn   | Place    | Note
-------+----------+-------------------------------------------
     0 | D:1      | Ijustatesigmund the Demonspawn Fighter began the quest for
                  | the Orb.
     0 | D:1      | Reached XP level 1. HP: 18/18 MP: 1/1
    78 | D:1      | Slain by an ooze

Illustrated notes

Levels and vault maps discovered:
D:1:      matt_arrival_refuge, layout_basic, serial_glass, glass_columns_c,
          glass_columns_a, glass_columns_b, glass_columns_a, glass_columns_a,
          glass_columns_b, feat_on_display, minmay_strange_pillars,
          due_unseen_surprise

Skill      XL: |  1 |
---------------+----+-----
Axes           | 2 |  2.0
Fighting       | |  3.1
Armour         | |  2.6
Dodging        | |  0.3
Shields        | |  2.6

Action                   || total
-------------------------++-------
Melee: War axe           ||    14
  Use: Potion            ||     2
Armor: Scale mail        ||     7
Dodge: Dodged            ||     2
Block: Kite shield       ||     5

Table legend: (Time is in decaauts)
 A = Elapsed time spent in this place.
 B = Non-inter-level travel time spent in this place.
 C = Inter-level travel time spent in this place.
 D = Time resting spent in this place.
 E = Time spent auto-exploring this place.
 F = Levels seen in this place.
 G = Mean time per level.
                   A        B        C        D        E       F      G
               +--------+--------+--------+--------+--------+-----+--------+
         Total |     86 |     86 |      0 |      0 |     57 |   1 |   86.0 |
       Dungeon |     86 |     86 |      0 |      0 |     57 |   1 |   86.0 |
               +--------+--------+--------+--------+--------+-----+--------+

Top non-repeatable levels by time:
     D:1: 86 daAuts
